 Dungeon Crawl Stone Soup version 0.28-b1-1-g3c77fb2ed1 (webtiles) character file.

Game seed: 8066619067736824060

625 RascalDebosk the Cudgeller (level 7, 0/67 HPs)
             Began as a Troll Berserker on Jan 28, 2022.
             Was a Believer of Trog.
             Slain by a quokka (2 damage)
             ... summoned by Eustachio
             ... on level 4 of the Dungeon on Jan 30, 2022.
             The game lasted 00:44:36 (3520 turns).

RascalDebosk the Cudgeller (Troll Berserker)        Turns: 3520, Time: 00:44:37

Health: 0/67       AC:  4    Str: 26      XL:     7   Next: 23%
Magic:  6/6        EV:  9    Int:  5      God:    Trog [**....]
Gold:   78         SH:  0    Dex:  4 (9)  Spells: 6/6 levels left

rFire   . . .      SeeInvis .   a - +1 mace
rCold   . . .      Faith    .   (no shield)
rNeg    . . .      Spirit   .   d - +0 robe
rPois   +          Reflect  .   (helmet restricted)
rElec   .          Harm     .   (no cloak)
rCorr   .          Rampage  .   (gloves unavailable)
Will    .....                   (boots unavailable)
Stlth   +.........              (no amulet)
HPRegen 1.01/turn               (no ring)
MPRegen 0.10/turn               (no ring)

@: no status effects
A: large, unfitting armour, claws 3, regeneration 1, shaggy fur 1, tough skin 1,
poison resistance, no potion heal 1
a: Renounce Religion, Berserk, Trog's Hand


You were on level 4 of the Dungeon.
You worshipped Trog.
Trog was pleased with you.
You visited 1 branch of the dungeon, and saw 4 of its levels.

You collected 78 gold pieces.

Inventory:

Hand Weapons
 a - a +1 mace (weapon)
Missiles
 e - 150 stones (quivered)
 j - 3 large rocks
 k - 8 poisoned darts
 o - a throwing net
Armour
 b - a +0 animal skin
 d - a +0 robe (worn)
Wands
 p - a wand of digging (5)
Scrolls
 f - 2 scrolls of enchant weapon
 n - a scroll of noise
Potions
 l - 2 potions of ambrosia


   Skills:
 + Level 3.2 Fighting
 * Level 4.6 Maces & Flails
 * Level 3.3 Throwing
 + Level 1.9 Armour
 + Level 3.3 Dodging
 + Level 1.7 Evocations


You had 6 spell levels left.
You didn't know any spells.
Your spell library was empty.

Dungeon Overview and Level Annotations

Branches:
Dungeon (4/15)
 Temple: D:4-7

Altars:

Shops:
D:3 :   D:4 (

Annotations:
D:4 Eustachio


Innate Abilities, Weirdness & Mutations

You are too large for most types of armour.
You have claws for hands.
Your natural rate of healing is unusually fast.
You are covered in fur. (AC +1)
You have tough skin. (AC +1)
Your system is resistant to poisons. (rPois)
Potions are less effective at restoring your health.


Message History

The quokka bites you.
* * * LOW HITPOINT WARNING * * *
You hit the iron imp but do no damage.
The iron imp is heavily wounded.
The quokka bites you.
* * * LOW HITPOINT WARNING * * *
The iron imp closely misses you.
Unknown command.
You barely miss the iron imp.
The iron imp is heavily wounded.
The quokka closely misses you. The iron imp hits you!
* * * LOW HITPOINT WARNING * * *
You barely miss the iron imp.
The iron imp is heavily wounded.
The quokka bites you.
* * * LOW HITPOINT WARNING * * *
The quokka misses you.
Unknown command.
You barely miss the iron imp.
The iron imp is heavily wounded.
An orc wizard appears from thin air!
Reactivating autopickup.
The iron imp hits you but does no damage.
The quokka bites you.
* * * LOW HITPOINT WARNING * * *
You hit the iron imp.
The iron imp is heavily wounded.
The quokka bites you.
* * * LOW HITPOINT WARNING * * *
Eustachio mumbles some strange words.
The iron imp barely misses you. The quokka barely misses you.
Unknown command.
You barely miss the iron imp.
The iron imp is heavily wounded.
The ufetubus disappears in a puff of smoke!
Eustachio gestures wildly while chanting.
The iron imp hits you.
* * * LOW HITPOINT WARNING * * *
The quokka bites you.
You die...

#.........# #.#######.#
#.# #.# #.#######.######
#####
#.(............###...##
##############.##.....##
#o#.......# ..
#r#.......# ..5
#@#.......# .5.
#5##.....## ..@#
#r@##...## ..#
##5b##'#######'###
##r5.o...........
#...).ยง....r....
#...............
####'#######'### #...#
..#


You could see Eustachio, an iron imp (summoned), an orc wizard, a quasit
(summoned), a river rat (summoned), a white imp (summoned), a quokka (summoned),
a bat (summoned) and a rat (summoned).

Vanquished Creatures
  Menkaure (D:4)
  Duvessa (D:4)
  A phantom (D:4)
  Dowan (D:4)
  A hound (D:4)
  An orc wizard (D:3)
  Natasha (D:4)
  2 iguanas (D:4)
  A hound skeleton (D:4)
  4 gnolls
  2 adders (D:2)
  A worm (D:2)
  2 dart slugs
  6 orcs
  4 endoplasms
  3 giant cockroaches
  10 hobgoblins
  5 quokkas
  6 ball pythons
  3 bats (D:3)
  A frilled lizard (D:3)
  9 goblins
  6 kobolds
  6 rats
78 creatures vanquished.

Notes
Turn   | Place    | Note
-------+----------+-------------------------------------------
     0 | D:1      | RascalDebosk the Troll Berserker began the quest for the
                  | Orb.
     0 | D:1      | Reached XP level 1. HP: 22/22 MP: 0/0
    73 | D:1      | Reached XP level 2. HP: 29/29 MP: 1/1
   136 | D:1      | Reached skill level 3 in Maces & Flails
   225 | D:1      | Reached skill level 1 in Throwing
   273 | D:1      | Reached XP level 3. HP: 31/36 MP: 2/2
   675 | D:2      | Reached ** piety under Trog
   810 | D:2      | Found a faded altar of an unknown god.
  1054 | D:2      | Identified the +6 short sword "Nimuirgh" {venom, Str+4
                  | Dex+2}
  1501 | D:3      | Reached XP level 4. HP: 43/44 MP: 3/3
  1506 | D:3      | Found Zolip's Book Boutique.
  2076 | D:3      | Reached skill level 1 in Armour
  2089 | D:3      | Reached skill level 1 in Evocations
  2089 | D:3      | Reached XP level 5. HP: 52/52 MP: 4/4
  2589 | D:4      | Found Gakearchi's Antique Weapon Shoppe.
  2655 | D:4      | Noticed Dowan
  2675 | D:4      | Killed Dowan
  2940 | D:4      | Noticed Duvessa
  2954 | D:4      | HP: 3/78 [Duvessa (5)]
  2955 | D:4      | Killed Duvessa
  2956 | D:4      | Reached skill level 4 in Maces & Flails
  2956 | D:4      | Reached XP level 6. HP: 4/61 MP: 5/5
  3183 | D:4      | Noticed Natasha
  3198 | D:4      | Killed Natasha
  3221 | D:4      | Noticed Menkaure
  3239 | D:4      | Killed Menkaure
  3240 | D:4      | Reached XP level 7. HP: 27/67 MP: 6/6
  3409 | D:4      | Gained mutation: Potions are less effective at restoring
                  | your health. [potion of mutation]
  3409 | D:4      | Gained mutation: Your system is resistant to poisons.
                  | (rPois) [potion of mutation]
  3430 | D:4      | Noticed Eustachio
  3520 | D:4      | HP: 2/67 [iron imp[Eustachio] (6)]
  3520 | D:4      | Slain by a quokka

Illustrated notes

Levels and vault maps discovered:
D:1:      wheals_arrival_shading, layout_rooms
D:2:      layout_basic, shapermc_ecumenical_altar_rom_forum
D:3:      layout_basic, serial_shops, nicolae_shop_advertising_works
          [nicolae_subvault_shop_adworks], grunt_decor_mini_mirrors
D:4:      kennysheep_six_static_rooms, layout_basic, serial_shops,
          nicolae_shop_crystal, minmay_distorted, uniq_natasha, uniq_duvessa,
          uniq_eustachio, uniq_menkaure

Skill      XL: |  1  2  3  4  5  6 |
---------------+-------------------+-----
Maces & Flails | 3 4 |  4.6
Throwing       | 1 2 3 |  3.3
Armour         | 1 |  1.9
Evocations     | 1 |  1.7
Fighting       | 3 |  3.2
Dodging        | 3 |  3.3

Action                   |  1- 3 |  4- 6 |  7- 9 || total
-------------------------+-------+-------+-------++-------
Melee: Mace              |   112 |   124 |    92 ||   328
       Punch             |     1 |     1 |     1 ||     3
Throw: Stone             |    33 |       |       ||    33
Invok: Berserk           |     1 |     3 |     1 ||     5
       Trog's Hand       |       |     1 |       ||     1
  Use: Scroll            |       |       |     6 ||     6
       Potion            |       |       |     3 ||     3
 Stab: Sleeping          |       |     1 |       ||     1
       Invisible         |       |       |     1 ||     1
Armor: Robe              |    42 |    43 |    73 ||   158
Dodge: Dodged            |    64 |    57 |   101 ||   222
